 Dungeon Crawl Stone Soup version 0.22.0-27-ga576289 (webtiles) character file.

1598519 Inarius the Merry Centaur (level 27, 245/245 HPs)
             Began as a Centaur Hunter on Aug 20, 2018.
             Was the Champion of Hepliaklqana.
             Escaped with the Orb
             ... and 3 runes on Aug 21, 2018!
             The game lasted 05:29:00 (83558 turns).

Inarius the Merry Centaur (Centaur Hunter)         Turns: 83558, Time: 05:29:01

Health: 245/245    AC: 39    Str: 31    XL:     27
Magic:  37/37      EV: 12    Int: 13    God:    Hepliaklqana [******]
Gold:   3101       SH:  5    Dex: 17    Spells: 26/26 levels left

rFire    + . .     SeeInvis .   a - +9 longbow (freeze)
rCold    . . .     Gourm    .   (shield currently unavailable)
rNeg     + . .     Faith    .   e - +3 plate armour {rF+}
rPois    .         Spirit   .   y - +2 hat {MR+}
rElec    +         Reflect  +   A - +2 cloak {MR+}
rCorr    .         Harm     .   L - +2 pair of gloves {archery}
MR       +++++     Rnd*Rage +   z - +4 centaur barding
Stlth    ..........             G - +5 amulet of reflection
HPRegen  0.50/turn              v - ring of the Middle {rElec rN+ Stlth+}
MPRegen  0.25/turn              E - ring "Qymin" {Str+7 Int+3 Dex+3}

@: very quick
A: large, reduced essence, hooves 3, berserk 1, deformed body, speed 2, magic
resistance 1, tough skin 3, sturdy frame 1
0: Orb of Zot
}: 3/15 runes: decaying, slimy, gossamer
a: Recall Ancestor, Ancestor Identity, Transference, Idealise, Renounce Religion


You escaped.
You worshipped Hepliaklqana.
Hepliaklqana was exalted by your worship.
You were not hungry.

You visited 12 branches of the dungeon, and saw 57 of its levels.
You visited the Abyss 1 time.
You also visited: Sewer, Ossuary, Ice Cave, Volcano and Wizlab.

You collected 8024 gold pieces.
You spent 4923 gold pieces at shops.

Inventory:

Hand Weapons
 a - a +9 longbow of freezing (weapon)
 b - a +3 lajatang of flaming
 Q - a +6 longbow of velocity
Missiles
 d - 398 arrows (quivered)
Armour
 e - a +3 plate armour of fire resistance (worn)
 h - the +4 faerie dragon scales {rN+ rCorr MP-9 Stlth+ Clar}
   (You took it off the Enchantress on level 4 of the Depths)

   It protects you from negative energy.
   It affects your magic capacity (-9).
   It protects you against confusion.
   It provides partial protection from all sources of acid and corrosion.
   It makes you more stealthy.
 y - a +2 hat of magic resistance (worn)
 z - a +4 centaur barding (worn)
 A - a +2 cloak of magic resistance (worn)
 I - the +6 scale mail of the Stars {+Blink +Inv Str+8}
   (You bought it in a shop on level 1 of the Elven Halls)

   It affects your strength (+8).
   It lets you turn invisible.
   It lets you blink.
 L - a +2 pair of gloves of archery (worn)
Jewellery
 j - an uncursed amulet of regeneration
 s - an uncursed ring of protection from fire
 v - the ring of the Middle (left hand) {rElec rN+ Stlth+}
   (You found it on level 3 of the Crypt)

   [ring of positive energy]

   It insulates you from electricity.
   It protects you from negative energy.
   It makes you more stealthy.
 B - an uncursed ring of see invisible
 E - the ring "Qymin" (right hand) {Str+7 Int+3 Dex+3}
   (You bought it in a shop on level 9 of the Dungeon)

   [ring of dexterity]

   It affects your strength (+7).
   It affects your intelligence (+3).
   It affects your dexterity (+3).
 G - a +5 amulet of reflection (around neck)
 M - an uncursed ring of ice
 N - the ring "Qaessaso" {rElec rPois rN+ Int+2 Stlth+}
   (You found it on level 3 of the Crypt)

   [ring of positive energy]

   It affects your intelligence (+2).
   It insulates you from electricity.
   It protects you from poison.
   It protects you from negative energy.
   It makes you more stealthy.
 W - the ring "Istiphi Ucey" {rPois Str+3 Int+2 Dex+3}
   (You took it off a deep elf archer on level 2 of the Elven Halls)

   [ring of poison resistance]

   It affects your strength (+3).
   It affects your intelligence (+2).
   It affects your dexterity (+3).
   It protects you from poison.
 Z - an uncursed ring of protection from magic
Wands
 p - a wand of digging (16)
 w - a wand of acid (32)
 R - a wand of iceblast (35)
 S - a wand of clouds (19)
Scrolls
 c - 18 scrolls of remove curse
 i - 8 scrolls of blinking
 k - 7 scrolls of fog
 m - a scroll of magic mapping
 n - 5 scrolls of identify
 o - 8 scrolls of fear
 u - a scroll of holy word
 H - 18 scrolls of teleportation
 J - 2 scrolls of brand weapon
 T - a scroll of summoning
Potions
 l - 7 potions of ambrosia
 q - 10 potions of curing
 t - 8 potions of might
 x - 6 potions of haste
 C - 5 potions of magic
 K - 2 potions of resistance
 P - 4 potions of agility
 U - 5 potions of invisibility
 X - 4 potions of mutation
Miscellaneous
 D - a lamp of fire
 Y - 5 phantom mirrors
Comestibles
 f - 70 rations
 g - a chunk of flesh


   Skills:
 O Level 27 Fighting
   Level 2.9 Short Blades
 - Level 10.4 Staves
 O Level 27 Bows
 * Level 17.7 Armour
 * Level 11.5 Dodging
 + Level 2.6 Stealth
 * Level 21.0 Invocations
 - Level 3.1 Evocations


You had 26 spell levels left.
You didn't know any spells.
Your spell library contained the following spells:

 Spells                   Type           Power        Failure   Level  Hunger
 Animate Skeleton         Necr           N/A          69%         1    ##.....
 Apportation              Tloc           #.....       69%         1    ##.....
 Confusing Touch          Hex            #.....       69%         1    ##.....
 Corona                   Hex            #......      69%         1    ##.....
 Flame Tongue             Conj/Fire      #....        69%         1    ##.....
 Magic Dart               Conj           #...         69%         1    ##.....
 Pain                     Necr           #...         69%         1    ##.....
 Sandblast                Erth           #.....       69%         1    ##.....
 Sting                    Conj/Pois      #...         69%         1    ##.....
 Summon Butterflies       Summ           #.......     69%         1    ##.....
 Summon Small Mammal      Summ           #...         69%         1    ##.....
 Blink                    Tloc           N/A          83%         2    ###....
 Call Imp                 Summ           #.......     83%         2    ###....
 Ensorcelled Hibernation  Hex/Ice        #.....       83%         2    ###....
 Passwall                 Tmut/Erth      #.......     83%         2    ###....
 Poisonous Vapours        Pois/Air       #.....       83%         2    ###....
 Searing Ray              Conj           #.....       83%         2    ###....
 Shroud of Golubria       Chrm/Tloc      #.........   83%         2    ###....
 Slow                     Hex            #.......     83%         2    ###....
 Swiftness                Chrm/Air       #.......     83%         2    ###....
 Confuse                  Hex            #.......     96%         3    ####...
 Conjure Flame            Conj/Fire      #.......     96%         3    ####...
 Dazzling Spray           Conj/Hex       #.....       96%         3    ####...
 Gell's Gravitas          Tloc           #.........   96%         3    ####...
 Ignite Poison            Fire/Tmut/Pois #.......     96%         3    ####...
 Lesser Beckoning         Tloc           #.........   96%         3    ####...
 Mephitic Cloud           Conj/Pois/Air  #.......     96%         3    ####...
 Ozocubu's Armour         Chrm/Ice       #.......     96%         3    ####...
 Recall                   Summ/Tloc      N/A          96%         3    ####...
 Regeneration             Chrm/Necr      #.........   96%         3    ####...
 Spectral Weapon          Hex/Chrm       #.......     96%         3    ####...
 Stone Arrow              Conj/Erth      #.....       96%         3    ####...
 Teleport Other           Tloc           #.......     96%         3    ####...
 Tukima's Dance           Hex            #.......     96%         3    ####...
 Vampiric Draining        Necr           #.........   96%         3    ####...
 Airstrike                Air            #.........   100%        4    #####..
 Animate Dead             Necr           N/A          100%        4    #####..
 Cause Fear               Hex            #.........   100%        4    #####..
 Ice Form                 Ice/Tmut       #.......     100%        4    #####..
 Leda's Liquefaction      Hex/Erth       #.........   100%        4    #####..
 Petrify                  Tmut/Erth      #.......     100%        4    #####..
 Summon Lightning Spire   Summ/Air       #.......     100%        4    #####..
 Throw Icicle             Conj/Ice       #.......     100%        4    #####..
 Agony                    Necr           #.......     100%        5    ######.
 Alistair's Intoxication  Tmut/Pois      #.......     100%        5    ######.
 Aura of Abjuration       Summ           #.........   100%        5    ######.
 Bolt of Draining         Conj/Necr      #.........   100%        5    ######.
 Bolt of Magma            Conj/Fire/Erth #.........   100%        5    ######.
 Borgnjor's Vile Clutch   Necr/Erth      #.........   100%        5    ######.
 Fireball                 Conj/Fire      #.........   100%        5    ######.
 Lee's Rapid Deconstruct  Erth           #.........   100%        5    ######.
 Metabolic Englaciation   Hex/Ice        #.........   100%        5    ######.
 Silence                  Hex/Air        #.........   100%        5    ######.
 Summon Demon             Summ           #.........   100%        5    ######.
 Summon Forest            Summ/Tloc      #.........   100%        5    ######.
 Summon Mana Viper        Hex/Summ       #.......     100%        5    ######.
 Yara's Violent Unravell  Hex/Tmut       #.........   100%        5    ######.
 Bolt of Cold             Conj/Ice       #.........   100%        6    #######
 Bolt of Fire             Conj/Fire      #.........   100%        6    #######
 Conjure Ball Lightning   Conj/Air       #.........   100%        6    #######
 Darkness                 Hex            #.........   100%        6    #######
 Death Channel            Necr           #.........   100%        6    #######
 Deflect Missiles         Chrm/Air       #.........   100%        6    #######
 Freezing Cloud           Conj/Ice/Air   #.........   100%        6    #######
 Invisibility             Hex            #.......     100%        6    #######
 Iron Shot                Conj/Erth      #.........   100%        6    #######
 Ozocubu's Refrigeration  Ice            #.........   100%        6    #######
 Shadow Creatures         Summ           N/A          100%        6    #######
 Simulacrum               Ice/Necr       #.........   100%        6    #######
 Statue Form              Tmut/Erth      #........    100%        6    #######
 Dragon Form              Tmut           #.........   100%        7    #######
 Ring of Flames           Chrm/Fire      #.........   100%        7    #######
 Summon Hydra             Summ           #.........   100%        7    #######
 Discord                  Hex            #.........   100%        8    #######
 Ignition                 Fire           #.........   100%        8    #######
 Dragon's Call            Summ           #.........   100%        9    #######
 Shatter                  Erth           #.........   100%        9    #######
 Tornado                  Air            #.........   100%        9    #######
 Passage of Golubria      Tloc           Unusable     N/A         4    N/A

Dungeon Overview and Level Annotations

Branches:
Dungeon (15/15)            Temple (1/1) D:7            Lair (6/6) D:11
  Swamp (4/4) Lair:4       Spider (4/4) Lair:3        Slime (5/5) Lair:5
    Orc (2/2) D:9             Elf (3/3) Orc:2        Vaults (4/5) D:14
  Crypt (3/3) Vaults:3       Tomb (0/3) Crypt:3      Depths (5/5) D:15
    Zot (5/5) Depths:5

Altars:
Ashenzari
Cheibriados
Dithmenos
Elyvilon
Fedhas
Hepliaklqana
Nemelex Xobeh
Qazlal
Ru
Sif Muna
Trog
Uskayaw
Xom
Yredelemnul
Zin
Beogh

Shops:
D:9 =   D:13 (   D:15 :   Orc:2 ([:}   Elf:1 [(=*   Elf:2 =   Vaults:1 }?*
Vaults:4 [%:(   Depths:1 ==}   Depths:5 [

Portals:
Hell: Depths:1 Depths:2 Depths:3 Depths:5
Abyss: Depths:2 Depths:4 Depths:5
Pandemonium: Depths:3
Ziggurat: Depths:4

Annotations:
D:8 Prince Ribbit
Crypt:1 3 runed doors, Fugysk's ghost, master MiMo


Innate Abilities, Weirdness & Mutations

You have hooves in place of feet.
Armour fits poorly on your strangely shaped body.
You cover ground very quickly.
You have extremely tough skin. (AC +3)
Your life essence is reduced to manifest your ancestor. (-10% HP)
You tend to lose your temper in combat.
You are resistant to hostile enchantments. (MR+)
Your movements are slightly less encumbered by armour. (ER -2)


Message History

Aim: a crimson imp You shoot an arrow.
The arrow barely misses the crimson imp.
Firing (i - inventory)
d - 399 arrows (quivered)
Press: ? - help, Shift-Dir - straight line, f/p - crimson imp
Aim: a crimson imp You shoot an arrow.
The arrow hits the crimson imp!
The arrow freezes the crimson imp.
You kill the crimson imp!
Evoke which item? (* to show all) (? for menu, Esc to quit)
Aiming: Dig
Press: ? - help, Shift-Dir - straight line A rock wall.
This square is covered in magical glow.
The rock shatters into small pieces.
You enter the shallow water.
Moving in this stuff is going to be slow.
An Orb Guardian comes into view.
There is a staircase leading out of the dungeon here.
You have escaped!

##...###.##.##.###.#.#
...##.##.#..##.# #.#.#
.....#.#.#.###.###...#
..(..................###
..###.##..######.###...#
..# #.##..####≈#.#X##..#
..# #.##...##≈♣≈≈≈P≈##.#
.## #..#..#.≈♣8♣≈P8P≈#.#
.## ##....###≈♣.@.P≈####
..###.....###≈....P≈##
#.##..##..##≈.8..P8P≈#
#..#(###...##≈....P≈##
##.#.# #....##≈#.#≈###
#.#)# #.....###.###.#
##.#.###.###.....# #.#
.........# ####.####.#
##.#.##### #......#


You could see an Orb Guardian.

Vanquished Creatures
  the Royal Jelly (Slime:5)
  9 ancient liches
  Mennas (Vaults:4)
  2 orbs of fire (Zot:5)
  A juggernaut (Depths:3)
  Boris (twice) (Vaults:4 Crypt:3)
  Margery (Vaults:2)
  3 curse toes
  the Lernaean hydra (Swamp:4)
  Frederick (Depths:4)
  6 Killer Klowns
  Saint Roka (Depths:4)
  3 golden dragons
  Nikola (Swamp:1)
  the Enchantress (Depths:4)
  Jory (Depths:4)
  5 electric golems
  6 tentacled monstrosities
  An Ice Fiend (IceCv)
  A shard shrike skeleton (Crypt:2)
  26 Orb Guardians
  Asterion (Spider:1)
  2 deep elf master archers (Elf:3)
  3 liches
  3 deep elf blademasters
  3 quicksilver dragons
  11 acid blobs
  4 sphinxes
  5 death cobs
  The ghost of kirsanium the Earth Mage, an adept GrEE of Sif Muna (Swamp:4)
  6 ancient champions
  5 revenants
  3 shadow dragons
  9 storm dragons
  Gastronok (D:9)
  4 tengu reavers
  2 draconian monks
  5 fire giants
  7 ghost moths
  5 draconian scorchers
  4 draconian knights
  6 deep elf sorcerers
  12 azure jellies
  3 frost giants
  4 vault wardens
  A balrug (Depths:5)
  11 ironheart preservers
  The ghost of DrkOrigin the Severer, a journeyman MiBe of Trog (Orc:1)
  A caustic shrike zombie (Crypt:2)
  Louise (Elf:1)
  5 curse skulls
  A deep elf elementalist (Elf:3)
  2 war gargoyles
  8 draconian stormcallers
  9 emperor scorpions
  5 ghouls
  4 spriggan defenders
  3 draconian shifters
  6 draconian annihilators
  A reaper (Crypt:2)
  26 very ugly things
  23 stone giants
  4 entropy weavers
  2 juggernaut skeletons
  10 deep elf demonologists
  7 green draconians
  2 black draconians
  7 vampire knights
  5 red draconians
  11 deep elf annihilators
  11 yellow draconians
  5 purple draconians
  7 eidola
  The ghost of Juriluv the Severer, a journeyman MiBe of Trog (Lair:4)
  15 white draconians
  2 merfolk impalers
  9 spark wasps
  15 deep elf death magi
  A blizzard demon (WizLab)
  10 death oozes
  A crystal guardian (Vaults:4)
  A merfolk javelineer (Depths:2)
  Josephine (Swamp:1)
  17 fire dragons
  A jiangshi (Crypt:1)
  9 great orbs of eyes
  17 yaktaur captains
  A vault guard (Vaults:1)
  6 ettins
  5 deep elf high priests
  13 ice dragons
  A quicksilver dragon skeleton (Crypt:3)
  18 hydras
  5 ghost crabs
  7 spriggan air magi
  3 rakshasas
  7 centaur warriors
  12 alligators
  A death knight (Vaults:3)
  10 ogre magi
  23 dancing weapons
  2 catoblepae
  6 tengu warriors
  Erica (Orc:1)
  15 death yaks
  11 deep troll shamans
  32 two-headed ogres
  5 orc high priests
  9 deep troll earth magi
  4 vampire magi
  2 soul eaters
  Sonja (Lair:2)
  2 shock serpents (WizLab)
  25 deep elf knights
  A sixfirhy (D:6)
  A spark wasp zombie (D:15)
  5 iron trolls
  2 salamander mystics (Depths:5)
  2 sun demons
  3 unseen horrors
  A storm dragon skeleton (Crypt:3)
  7 hell knights
  The ghost of Verendum the Carver, a novice FoWn of Cheibriados (D:8)
  5 shadow wraiths
  11 wizards
  An infernal demonspawn (Depths:3)
  7 flayed ghosts
  A spectral anaconda (Depths:4)
  2 spriggan druids
  42 skeletal warriors
  A torturous demonspawn (Depths:3)
  8 death drakes
  3 glowing orange brains
  11 swamp dragons
  29 deep trolls
  2 orange crystal statues (Depths:4)
  9 ironbrand convokers
  A shambling mangrove (Swamp:4)
  A harpy (Elf:2)
  A golden dragon skeleton (Crypt:1)
  An obsidian statue (Zot:5)
  18 deep elf archers
  21 orc knights
  15 phantasmal warriors
  A lindwurm (Lair:6)
  2 mana vipers (Depths:4)
  15 orb spiders
  8 necromancers
  8 orc sorcerers
  8 shining eyes
  71 deep elf magi
  Pikel (D:7)
  42 ugly things
  A frost giant zombie (D:15)
  An oklob plant (Lair:1)
  2 cyclopes
  26 wolf spiders
  27 moths of wrath
  A shadow dragon skeleton (Crypt:2)
  4 manticores
  5 salamanders (Depths:5)
  A titan simulacrum (Crypt:2)
  4 apocalypse crabs (WizLab)
  Maurice (Orc:2)
  A hexer (Depths:3)
  11 vault sentinels
  An eye of devastation (Slime:3)
  5 toenail golems (Volcano)
  5 elephants (Lair:6)
  An ice statue (IceCv)
  14 spiny frogs
  2 smoke demons
  4 black mambas
  Psyche (D:8)
  A hellion (D:7)
  4 torpor snails
  2 gargoyles
  A white draconian zombie (Crypt:1)
  3 centaur skeletons (D:14)
  15 freezing wraiths
  A rime drake (shapeshifter) (Vaults:2)
  7 komodo dragons
  A komodo dragon (shapeshifter) (Depths:2)
  A kobold demonologist (D:15)
  A rime drake (Lair:4)
  6 ice devils
  14 demonic crawlers
  2 anaconda simulacra (IceCv)
  43 yaktaurs
  2 spectral merfolk (Depths:4)
  A catoblepas skeleton (Crypt:3)
  A hellwing (Depths:5)
  2 golden dragon simulacra (IceCv)
  A death yak skeleton (Crypt:3)
  2 queen bees (shapeshifter)
  A hydra zombie (Crypt:2)
  A red devil (Depths:5)
  7 tengu conjurers
  18 jumping spiders
  4 tyrant leeches
  Grinder (D:4)
  3 meliai (Spider:3)
  2 polar bears
  8 trolls
  2 raiju (Depths:4)
  7 bog bodies
  79 slime creatures
  2 fire dragon zombies
  19 hornets
  13 hippogriffs
  17 blink frogs
  6 dream sheep
  A centaur simulacrum (D:15)
  25 water elementals
  An alligator skeleton (Crypt:3)
  7 flying skulls
  13 spriggans
  2 dire elephant simulacra (IceCv)
  An ice dragon skeleton (Crypt:3)
  67 redbacks
  8 shadows
  18 wraiths
  3 vampires
  14 air elementals
  31 tarantellas
  An ettin skeleton (Crypt:2)
  4 fire bats (D:10)
  3 wyverns
  5 fire elementals
  9 yaks
  7 golden eyes
  24 vampire mosquitoes
  3 basilisks
  A hungry ghost (D:11)
  A steam dragon (Lair:5)
  A neqoxec (D:6)
  Menkaure (D:7)
  2 harpy simulacra (IceCv)
  5 acid dragons
  22 swamp worms
  A death yak simulacrum (IceCv)
  5 insubstantial wisps (Swamp:2)
  Edmund (D:5)
  4 hydra simulacra
  10 water moccasins
  11 hell hounds
  An iron troll simulacrum (IceCv)
  9 wargs
  A merfolk zombie (Crypt:1)
  2 floating eyes (shapeshifter)
  A floating eye (Depths:4)
  10 porcupines
  Duvessa (D:4)
  5 spectral spriggans (Depths:4)
  Purgy (D:3)
  A black bear (Lair:6)
  A water nymph skeleton (Crypt:1)
  2 ice beasts
  A slave (D:7)
  12 swamp drakes
  4 sky beasts
  A snapping turtle zombie (Crypt:2)
  3 ettin simulacra (IceCv)
  A swamp dragon zombie (Crypt:2)
  A black bear (shapeshifter) (Depths:1)
  A manticore zombie (Crypt:3)
  5 eyes of draining
  27 ogres
  47 orc warriors
  A phantom (D:6)
  An eye of draining (shapeshifter) (Depths:3)
  10 necrophages
  7 boggarts
  2 small abominations
  13 wolves
  9 centaurs
  13 crocodiles
  A crocodile (shapeshifter) (Depths:3)
  5 big kobolds
  A big kobold (shapeshifter) (Depths:2)
  12 bullfrogs
  3 earth elementals
  3 gnoll sergeants (D:9)
  Dowan (D:4)
  A yaktaur skeleton (Crypt:2)
  A wyvern skeleton (D:14)
  6 scorpions
  A yak zombie (Crypt:2)
  4 spectral ogres (Depths:4)
  A swamp dragon simulacrum (IceCv)
  3 raiju skeletons (Crypt:3)
  23 wights
  A spectral naga (Depths:4)
  2 electric eels (Lair:4)
  5 howler monkeys
  2 spectral centaurs (Depths:4)
  9 crimson imps
  3 bullfrog zombies
  2 draconian simulacra (IceCv)
  2 human zombies
  2 quasits (Depths:3)
  3 centaur zombies
  A gnoll shaman (Orc:2)
  4 hounds
  23 orc priests
  Crazy Yiuf (D:2)
  8 jellies
  20 orc wizards
  2 bullfrog skeletons (D:7)
  5 iron imps
  Natasha (twice) (D:1)
  3 iguanas
  6 worker ants
  A polar bear simulacrum (IceCv)
  2 troll simulacra (IceCv)
  An ogre zombie (Crypt:1)
  A tengu zombie (Crypt:2)
  A dwarf skeleton (Crypt:1)
  3 mummies (Ossuary)
  Robin (D:4)
  10 gnolls
  11 adders
  4 ogre simulacra (IceCv)
  4 river rats
  5 shadow imps
  7 white imps
  10 ufetubi
  5 oozes
  An adder skeleton (D:4)
  3 worms
  3 leopard geckos
  105 orcs
  11 bats
  3 giant cockroaches
  A gnoll zombie (Ossuary)
  11 goblins
  10 hobgoblins
  7 jackals
  6 quokkas
  4 ball pythons
  2 ball python skeletons
  8 frilled lizards
  2 goblin zombies (Ossuary)
  3 hobgoblin zombies (Ossuary)
  18 kobolds
  2 kobold zombies (Ossuary)
  A leopard gecko skeleton (D:6)
  A quokka skeleton (D:6)
  20 rats
  A river rat zombie (Crypt:3)
  A bush (Lair:1)
  2 crawling corpses (Vaults:2)
  2 fungi
  A plant (Lair:3)
2450 creatures vanquished.

Vanquished Creatures (collateral kills)
  Mara (Vaults:4)
  An ancient lich (Crypt:3)
  A Cloud Mage (WizLab)
  A death cob (Depths:5)
  A fire giant (Depths:3)
  A vault warden (Vaults:3)
  A ghost moth (Spider:2)
  A spriggan defender (Depths:3)
  A very ugly thing (Vaults:1)
  2 deep elf annihilators
  A spark wasp (Spider:4)
  2 purple draconians
  A red draconian (Zot:4)
  A yellow draconian (Zot:4)
  A white draconian (Zot:2)
  A blizzard demon (Depths:3)
  2 deep elf death magi (Elf:3)
  2 fire dragons
  A great orb of eyes (Vaults:4)
  3 hydras (Swamp:4)
  An ice dragon (Depths:1)
  2 spriggan air magi
  4 two-headed ogres
  2 ogre magi
  2 alligators
  2 dancing weapons (Elf:2)
  A shadow wraith (Crypt:2)
  A hell knight (Vaults:4)
  A wizard (Volcano)
  5 deep elf magi
  An orb spider (Spider:2)
  4 wolf spiders
  A cyclops (D:15)
  4 ugly things
  A black mamba (Lair:6)
  2 rime drakes (Elf:2)
  A tengu conjurer (Depths:5)
  A jumping spider (Spider:3)
  2 tyrant leeches
  A hornet (Swamp:1)
  A wind drake (WizLab)
  2 blink frogs
  7 slime creatures
  5 redbacks
  A shadow (D:14)
  A yak (Lair:2)
  2 water elementals
  A basilisk (Lair:6)
  A golden eye (shapeshifter) (D:14)
  4 vampire mosquitoes
  A water moccasin (Lair:2)
  A sky beast (D:8)
  A black bear (D:10)
  3 swamp drakes (Swamp:4)
  A necrophage (Crypt:2)
  A centaur (D:8)
  A big kobold (D:10)
  An elf zombie (Ossuary)
  2 gnoll sergeants (D:9)
  An earth elemental (Elf:3)
  2 spectral ogres (Depths:4)
  A wight (Depths:4)
  A howler monkey (D:7)
  A bullfrog zombie (D:8)
  2 orc wizards (Orc:2)
  A killer bee zombie (D:7)
  7 orcs
  A bat (Orc:1)
  A kobold zombie (Ossuary)
120 creatures vanquished.

Vanquished Creatures (others)
  A draconian knight (Zot:4)
  A deep elf archer (Vaults:1)
  A deep elf mage (Elf:3)
  A moth of wrath (Zot:5)
  2 yaktaurs
  A slime creature (Swamp:2)
  A wind drake (WizLab)
  A hell hound (Depths:4)
  3 slaves (D:7)
  A centaur (Depths:1)
  A bullfrog (D:7)
  42 hexers
  4 ancestors
  A ball lightning (Crypt:3)
  2 orcs
  A kobold (D:11)
  10 fungi
  14 plants
  4 toadstools (D:1)
  3 withered plants (D:15)
95 creatures vanquished.

Grand Total: 2665 creatures vanquished

Notes
Turn   | Place    | Note
-------+----------+-------------------------------------------
     0 | D:1      | Inarius the Centaur Hunter began the quest for the Orb.
     0 | D:1      | Reached XP level 1. HP: 17/17 MP: 1/1
   174 | D:1      | Reached XP level 2. HP: 24/24 MP: 2/2
   569 | D:1      | Reached XP level 3. HP: 28/29 MP: 3/3
   608 | D:1      | Reached skill level 1 in Short Blades
   737 | D:2      | Noticed Natasha
   829 | D:1      | Killed Natasha
   969 | D:2      | Reached XP level 4. HP: 35/36 MP: 4/4
  1461 | D:2      | Found a runed door.
  1465 | D:2      | Noticed Crazy Yiuf
  1483 | D:2      | You fall through a shaft for 2 floors!
  1483 | D:4      | Noticed Robin
  1495 | D:4      | Found a hide-covered altar of Uskayaw.
  1505 | D:4      | Found a white marble altar of Elyvilon.
  1511 | D:4      | Found a basalt altar of Yredelemnul.
  1725 | D:4      | Reached skill level 1 in Armour
  1725 | D:4      | Reached XP level 5. HP: 24/42 MP: 5/5
  1897 | D:4      | Noticed Grinder
  1913 | D:4      | Paralysed by Grinder for 6 turns
  1928 | D:4      | Paralysed by Grinder for 4 turns
  1932 | D:4      | Killed Grinder
  1932 | D:4      | Reached XP level 6. HP: 49/51 MP: 4/6
  2024 | D:4      | Killed Robin
  2176 | D:2      | Killed Crazy Yiuf
  2510 | D:3      | Noticed Purgy
  2888 | D:3      | Killed Purgy
  2888 | D:3      | Reached skill level 1 in Staves
  2888 | D:3      | Reached XP level 7. HP: 32/57 MP: 4/7
  3024 | D:3      | Found a sacrificial altar of Ru.
  3070 | D:3      | Found a faded altar of an unknown god.
  3644 | D:4      | Found a blossoming altar of Fedhas.
  3770 | D:3      | Noticed a moth of wrath
  3777 | D:3      | Found a bloodstained altar of Trog.
  4057 | D:4      | Noticed Duvessa
  4070 | D:4      | Killed Duvessa
  4110 | D:4      | Noticed Dowan
  4127 | D:4      | Killed Dowan
  4261 | D:5      | Entered Level 5 of the Dungeon
  4261 | D:5      | Noticed Edmund
  4273 | D:5      | Killed Edmund
  4282 | D:5      | Reached XP level 8. HP: 45/66 MP: 5/8
  4484 | D:5      | Found a glowing drain.
  4503 | Sewer    | Entered a sewer
  4617 | Sewer    | Found a white marble altar of Elyvilon.
  5643 | D:6      | Reached skill level 10 in Bows
  5869 | D:6      | Reached XP level 9. HP: 58/72 MP: 6/9
  6251 | D:7      | Found a staircase to the Ecumenical Temple.
  6256 | Temple   | Entered the Ecumenical Temple
  6268 | Temple   | Became a worshipper of Hepliaklqana the Forgotten
  6415 | D:7      | Noticed Pikel
  6421 | D:7      | Killed Pikel
  6421 | D:7      | Reached skill level 5 in Fighting
  6495 | D:6      | Reached skill level 5 in Staves
  6820 | D:7      | Noticed Menkaure
  6827 | D:7      | Killed Menkaure
  7021 | D:7      | Found a sand-covered staircase.
  7026 | Ossuary  | Entered an ossuary
  7094 | Ossuary  | Reached XP level 10. HP: 73/73 MP: 10/10
  7813 | D:8      | Found a runed door.
  7815 | D:8      | Noticed Verendum's ghost (novice FoWn)
  7911 | D:8      | Noticed Psyche
  7919 | D:8      | Killed Psyche
  7927 | D:8      | Reached * piety under Hepliaklqana
  8110 | D:8      | Found a sacrificial altar of Ru.
  8550 | D:8      | Found a snail-covered altar of Cheibriados.
  8595 | D:9      | Noticed Prince Ribbit
  8851 | D:9      | Noticed a two-headed ogre
  8893 | D:9      | Killed a two-headed ogre
  9130 | D:9      | Noticed a two-headed ogre
  9148 | D:9      | Killed a two-headed ogre
  9205 | D:9      | Reached ** piety under Hepliaklqana
  9214 | D:9      | Remembered your ancestor Gnaeus as a hexer
  9314 | D:9      | Found a staircase to the Orcish Mines.
  9546 | D:9      | Found Kiryrah's Jewellery Boutique.
  9606 | D:9      | Noticed Gastronok
  9625 | D:9      | Killed Gastronok
  9625 | D:9      | Reached skill level 1 in Evocations
  9625 | D:9      | Reached XP level 11. HP: 50/82 MP: 6/11
 10043 | D:10     | Entered Level 10 of the Dungeon
 10179 | D:10     | Found a transporter.
 10433 | D:10     | Found a transporter.
 10743 | D:10     | Reached skill level 15 in Bows
 10780 | D:10     | Reached *** piety under Hepliaklqana
 10802 | D:10     | Killed an unseen horror
 10810 | D:10     | Reached skill level 1 in Invocations
 11096 | D:8      | Killed Verendum's ghost
 11252 | D:11     | Noticed a two-headed ogre
 11255 | D:11     | Killed a two-headed ogre
 11271 | D:11     | You fall through a shaft for 3 floors!
 11283 | D:14     | Noticed a seven-headed hydra
 11292 | D:13     | Noticed a green ugly thing
 11297 | D:12     | Noticed a two-headed ogre
 11303 | D:12     | Killed a two-headed ogre
 11593 | D:9      | Bought the ring "Qymin" {Str+7 Int+3 Dex+3} for 568 gold pieces
 11672 | D:11     | Noticed a cyan ugly thing
 11678 | D:11     | Killed a cyan ugly thing
 11977 | D:11     | Found a staircase to the Lair.
 12558 | D:12     | Noticed an eight-headed hydra
 12566 | D:12     | Killed an eight-headed hydra
 12566 | D:12     | Reached XP level 12. HP: 92/92 MP: 14/14
 12791 | Lair:1   | Entered Level 1 of the Lair of Beasts
 12800 | Lair:1   | Reached **** piety under Hepliaklqana
 12992 | Lair:1   | Found the +8 whip "Snakebite" {curare, rPois}
 13297 | Lair:1   | Got a blackened halberd
 13299 | Lair:1   | Identified the +11 halberd "Beludyif" {speed, rF- Int+7 Dex+4} (You found it on level 1 of the Lair of Beasts)
 13862 | Lair:2   | Noticed a death yak
 13862 | Lair:2   | Noticed a death yak
 13883 | Lair:2   | Noticed a death yak
 13887 | Lair:2   | Killed a death yak
 13902 | Lair:2   | Killed a death yak
 13908 | Lair:2   | Killed a death yak
 13997 | Lair:2   | Noticed Sonja
 14007 | Lair:2   | Killed Sonja
 14020 | Lair:2   | Reached skill level 5 in Invocations
 14142 | Lair:2   | Noticed a six-headed hydra
 14152 | Lair:2   | Killed a six-headed hydra
 14426 | Lair:2   | Found a dark tunnel.
 14433 | Volcano  | Entered a volcano
 14448 | Volcano  | Reached XP level 13. HP: 99/99 MP: 15/17
 14483 | Volcano  | Cast into level 2 of the Abyss (a wizard)
 14483 | Abyss:2  | Found a corrupted altar of Lugonu.
 14610 | Volcano  | Escaped the Abyss
 15598 | Lair:3   | Reached skill level 5 in Dodging
 15687 | Lair:3   | Reached skill level 10 in Fighting
 15726 | Lair:3   | Reached ***** piety under Hepliaklqana
 15736 | Lair:3   | Reached XP level 14. HP: 111/111 MP: 17/19
 15737 | Lair:3   | Reached XP level 15. HP: 120/120 MP: 17/20
 15888 | Lair:3   | Found a hole to the Spider Nest.
 16858 | Lair:4   | Found a staircase to the Swamp.
 16900 | Lair:4   | Found a runed door.
 16905 | Lair:4   | Found a shimmering altar of Xom.
 16905 | Lair:4   | Noticed Juriluv's ghost (journeyman MiBe)
 18021 | Lair:5   | Found a staircase to the Slime Pits.
 18358 | Lair:5   | Reached ****** piety under Hepliaklqana
 18684 | Lair:6   | Entered Level 6 of the Lair of Beasts
 19735 | Lair:6   | Got a scorched dagger
 19737 | Lair:6   | Identified the +9 dagger of Magnificence {holy, rPois rF+ Str+2 Int-5} (You found it on level 6 of the Lair of Beasts)
 20453 | Lair:4   | Killed Juriluv's ghost
 20655 | D:13     | Reached XP level 16. HP: 129/129 MP: 22/22
 20796 | D:13     | Found Xitath's Antique Weapon Shop.
 20808 | D:13     | Bought a warped shortbow for 272 gold pieces
 20808 | D:13     | Identified the +6 shortbow "Arecobo" {flame, rF+ rC+ Int-3} (You bought it in a shop on level 13 of the Dungeon)
 21465 | Orc:1    | Entered Level 1 of the Orcish Mines
 21847 | Orc:1    | Noticed Erica
 21852 | Orc:1    | Killed Erica
 22102 | Orc:1    | Found a runed door.
 22102 | Orc:1    | Noticed DrkOrigin's ghost (journeyman MiBe)
 22147 | Orc:1    | Killed DrkOrigin's ghost
 22382 | Orc:2    | Entered Level 2 of the Orcish Mines
 22427 | Orc:2    | Paralysed by an orc sorcerer for 3 turns
 22566 | Orc:2    | Noticed Maurice
 22572 | Orc:2    | Killed Maurice
 22727 | Orc:2    | Found a roughly hewn altar of Beogh.
 23019 | Orc:2    | Found a staircase to the Elven Halls.
 23579 | Orc:2    | Found Yrubequrgh's Gadget Emporium.
 23579 | Orc:2    | Found Betafopp's Antique Weapon Emporium.
 23581 | Orc:2    | Found Koqa's Book Boutique.
 23581 | Orc:2    | Found Habacria's Antique Armour Boutique.
 23614 | Orc:2    | Bought an encrusted ring mail for 270 gold pieces
 23624 | Orc:2    | Identified the +5 ring mail "Gagyx" {rElec Stlth+} (You bought it in a shop on level 2 of the Orcish Mines)
 23762 | D:9      | Bought an uncursed amulet of regeneration for 390 gold pieces
 24341 | D:14     | Reached skill level 5 in Armour
 24442 | D:14     | Found a gate to the Vaults.
 24961 | D:14     | Reached skill level 10 in Invocations
 25255 | D:15     | Entered Level 15 of the Dungeon
 25586 | D:15     | Found Lusotz's Book Shop.
 25837 | D:15     | Paralysed by a floating eye for 4 turns
 25967 | D:15     | Found a staircase to the Depths.
 27081 | Swamp:1  | Entered Level 1 of the Swamp
 27152 | Swamp:1  | Noticed Josephine
 27156 | Swamp:1  | Killed Josephine
 27159 | Swamp:1  | Reached XP level 17. HP: 138/138 MP: 24/24
 27858 | Swamp:1  | Noticed Nikola
 27865 | Swamp:1  | Killed Nikola
 28273 | Orc:2    | Bought a glowing helmet for 225 gold pieces
 30616 | Swamp:3  | Reached skill level 15 in Fighting
 31909 | Spider:1 | Entered Level 1 of the Spider Nest
 33352 | Spider:2 | Noticed Asterion
 33759 | Spider:1 | Killed Asterion
 34093 | Spider:2 | Identified the +1 chain mail of Love and Death {*Slow +Blink rElec rPois Stlth+} (You found it on level 2 of the Spider Nest)
 34662 | Spider:3 | Reached XP level 18. HP: 146/146 MP: 26/26
 35935 | Spider:4 | Entered Level 4 of the Spider Nest
 36810 | Spider:4 | Reached skill level 10 in Staves
 36914 | Spider:4 | Got a gossamer rune of Zot
 37434 | Spider:4 | Got a scorched quarterstaff
 38242 | Spider:4 | Identified the +7 quarterstaff of the Ass {antimagic, rF+} (You found it on level 4 of the Spider Nest)
 38464 | Swamp:4  | Entered Level 4 of the Swamp
 39551 | Swamp:4  | Noticed the 27-headed Lernaean hydra
 39555 | Swamp:4  | Reached XP level 19. HP: 156/156 MP: 28/28
 39561 | Swamp:4  | Killed the 27-headed Lernaean hydra
 39754 | Swamp:4  | Got a decaying rune of Zot
 39881 | Swamp:4  | Found a runed gate.
 39881 | Swamp:4  | Found a runed gate.
 39881 | Swamp:4  | Found a runed gate.
 39887 | Swamp:4  | Noticed kirsanium's ghost (adept GrEE)
 39901 | Swamp:4  | Killed kirsanium's ghost
 39911 | Swamp:4  | Identified the Disquisition on Poisonous Boosts
 40375 | Elf:1    | Entered Level 1 of the Elven Halls
 40571 | Elf:1    | Found Jeoz Piyfy's Antique Armour Boutique.
 40593 | Elf:1    | Bought a warped scale mail for 315 gold pieces
 40593 | Elf:1    | Bought a distressingly furry ring mail for 315 gold pieces
 40593 | Elf:1    | Identified the +4 ring mail of the Guild-Master {Int+3} (You bought it in a shop on level 1 of the Elven Halls)
 40594 | Elf:1    | Identified the +6 scale mail of the Stars {+Blink +Inv Str+8} (You bought it in a shop on level 1 of the Elven Halls)
 40621 | Elf:1    | Found a frozen archway.
 40650 | IceCv    | Entered an ice cave
 42128 | IceCv    | Identified the Papyrus of Dark Snow
 42129 | IceCv    | Found the +2 pair of boots of the Assassin {Detection Stab+ Stlth++}
 42533 | Elf:1    | Noticed Louise
 42549 | Elf:1    | Killed Louise
 42674 | Elf:1    | Found Xiempov's Weapon Emporium.
 42818 | Elf:1    | Found Gahishot's Assorted Antiques.
 42847 | Elf:1    | Bought a scroll labeled NUXTEE UFRUO for 37 gold pieces
 42847 | Elf:1    | Bought a scroll of teleportation for 111 gold pieces
 42923 | Elf:1    | Found Kamar's Jewellery Emporium.
 43368 | Elf:1    | Noticed a Tzitzimitl
 44174 | Elf:2    | Got a smoking wooden ring
 44177 | Elf:2    | Identified the ring "Istiphi Ucey" {rPois Str+3 Int+2 Dex+3} (You took it off a deep elf archer on level 2 of the Elven Halls)
 44247 | Elf:2    | Found Xesao's Jewellery Shop.
 44390 | Elf:2    | Found a runed gate.
 44390 | Elf:2    | Found a runed gate.
 44392 | Elf:2    | Found a runed gate.
 44583 | Elf:2    | Reached XP level 20. HP: 104/166 MP: 20/30
 45412 | Elf:1    | Bought a dented filigree amulet for 185 gold pieces
 45642 | Vaults:1 | Entered Level 1 of the Vaults
 45642 | Vaults:1 | Found Sotax's Assorted Antiques.
 45650 | Vaults:1 | Bought 2 scrolls of identify for 176 gold pieces
 46177 | Vaults:1 | Found Kojaet's Magic Scroll Emporium.
 46424 | Vaults:1 | Found Gyudey's Gadget Shoppe.
 46986 | Vaults:1 | Found a roughly hewn altar of Beogh.
 47259 | Vaults:1 | Reached skill level 27 in Bows
 48055 | Vaults:2 | Reached skill level 15 in Invocations
 48109 | Vaults:2 | Found a glowing silver altar of Zin.
 48468 | Vaults:2 | Reached XP level 21. HP: 175/175 MP: 32/32
 48802 | Vaults:2 | Noticed Margery
 49100 | Vaults:2 | Killed Margery
 50120 | Vaults:3 | Found a staircase to the Crypt.
 50968 | Vaults:4 | Found Goacvoar's Book Shoppe.
 50968 | Vaults:4 | Noticed Mennas
 51479 | Vaults:4 | Found Jocs's Food Emporium.
 51483 | Vaults:4 | Found Buni's Armour Boutique.
 51501 | Vaults:4 | Bought a +0 centaur barding for 414 gold pieces
 51520 | Vaults:4 | Noticed Boris
 51533 | Vaults:4 | Killed Boris
 52412 | Vaults:4 | Killed Mennas
 52488 | Vaults:4 | Found Cosyukke's Weapon Boutique.
 52626 | Vaults:4 | Reached XP level 22. HP: 183/189 MP: 34/34
 52719 | Vaults:4 | Noticed Mara
 52726 | Vaults:4 | Noticed Inarius's illusion
 52749 | Vaults:4 | Killed Mara
 52965 | Vaults:4 | Bought the +0 cloak of a ziggurat {-Cast +Inv rPois rN+++} for 660 gold pieces
 53312 | Elf:1    | Bought the ring of Balance {*Slow rN++ Str+2 Int+3 Dex+4} for 522 gold pieces
 53668 | Crypt:1  | Entered Level 1 of the Crypt
 54399 | Crypt:1  | Found a runed gate.
 54399 | Crypt:1  | Found a runed gate.
 54399 | Crypt:1  | Found a runed gate.
 54399 | Crypt:1  | Noticed Fugysk's ghost (master MiMo)
 55836 | Crypt:3  | Entered Level 3 of the Crypt
 56166 | Crypt:3  | Noticed Boris
 56182 | Crypt:3  | Killed Boris
 56182 | Crypt:3  | Reached skill level 10 in Armour
 57236 | Crypt:3  | Noticed an ancient lich
 57236 | Crypt:3  | Noticed an ancient lich
 57300 | Crypt:3  | Noticed an ancient lich
 57303 | Crypt:3  | Noticed an ancient lich
 57306 | Crypt:3  | Killed an ancient lich
 57306 | Crypt:3  | Reached XP level 23. HP: 200/200 MP: 35/35
 57322 | Crypt:3  | Killed an ancient lich
 57420 | Crypt:3  | Killed an ancient lich
 57423 | Crypt:3  | Killed an ancient lich
 57478 | Crypt:3  | Got a twitching bone ring
 57479 | Crypt:3  | Identified the ring of Ygausad {Str+3 Int+4} (You found it on level 3 of the Crypt)
 57487 | Crypt:3  | Got a translucent granite ring
 57488 | Crypt:3  | Identified the ring of the Middle {rElec rN+ Stlth+} (You found it on level 3 of the Crypt)
 57489 | Crypt:3  | Identified the ring "Qaessaso" {rElec rPois rN+ Int+2 Stlth+} (You found it on level 3 of the Crypt)
 57728 | Crypt:3  | Found a staircase to the Tomb.
 58262 | Elf:3    | Entered Level 3 of the Elven Halls
 59454 | Elf:3    | Identified the amulet of Oenomania {Faith -Tele rElec rPois Str-3} (You took it off a deep elf death mage on level 3 of the Elven Halls)
 59676 | Elf:3    | Identified the cursed +0 pair of gloves of Indomitability {+Inv +Fly rPois Dex-4} (You found it on level 3 of the Elven Halls)
 59886 | Elf:3    | Found Kiychijo's Weapon Shop.
 60403 | Depths:1 | Entered Level 1 of the Depths
 60967 | Depths:1 | Found Sules's Gadget Boutique.
 60967 | Depths:1 | Found Plog's Jewellery Emporium.
 60968 | Depths:1 | Found Sogeathre's Jewellery Emporium.
 61090 | Depths:1 | Found a gateway to Hell.
 62060 | Depths:2 | Reached XP level 24. HP: 185/213 MP: 36/36
 62461 | Depths:2 | Found a one-way gate to the infinite horrors of the Abyss.
 63981 | Depths:3 | Noticed a juggernaut
 63996 | Depths:3 | Killed a juggernaut
 64614 | Depths:3 | Got a pair of translucent gloves
 64625 | Depths:3 | Identified the cursed +0 pair of gloves of Mibecsya {rPois Str+3} (You found it on level 3 of the Depths)
 65124 | Depths:3 | Found a one-way gate leading to the halls of Pandemonium.
 65927 | Depths:4 | Noticed the Enchantress
 66418 | Depths:4 | Killed the Enchantress
 66458 | Depths:4 | Noticed Saint Roka
 66467 | Depths:4 | Killed Saint Roka
 66671 | Depths:4 | Got faerie dragon scales
 66685 | Depths:3 | Identified the +4 faerie dragon scales {rN+ rCorr MP-9 Stlth+ Clar} (You took it off the Enchantress on level 4 of the Depths)
 66915 | Depths:5 | Entered Level 5 of the Depths
 67077 | Depths:5 | Reached XP level 25. HP: 127/225 MP: 36/36
 67144 | Depths:5 | Found a magical portal.
 67246 | Depths:5 | Found Mieggan's Antique Armour Boutique.
 67322 | WizLab   | Entered The Chambers of the Cloud Mage
 68589 | WizLab   | Identified the ring of Xom's Best Wishes {+Fly Dex+6} (You took it off a Cloud Mage in a wizard's laboratory)
 68647 | WizLab   | Identified the Collected Works on Flight
 68978 | Depths:4 | Noticed an ancient lich
 68982 | Depths:4 | Killed an ancient lich
 69755 | Depths:4 | Noticed Jory
 69767 | Depths:4 | Killed Jory
 70023 | Depths:4 | Found a gateway to a ziggurat.
 70448 | Depths:4 | Noticed Frederick
 70476 | Depths:4 | Killed Frederick
 71818 | Depths:5 | Found a runed door.
 71844 | Depths:5 | Identified the cursed ring of the Six Wishes {rF+ Str-3 Dex+2} (You took it off a deep elf high priest on level 5 of the Depths)
 72212 | Depths:5 | Found a gate to the Realm of Zot.
 72560 | Depths:5 | Found a deep blue altar of Sif Muna.
 72730 | Depths:1 | Bought an uncursed ring of protection from fire for 400 gold pieces
 73023 | Slime:1  | Entered Level 1 of the Pits of Slime
 73187 | Slime:2  | Reached skill level 27 in Fighting
 73351 | Slime:5  | Entered Level 5 of the Pits of Slime
 73654 | Vaults:1 | Bought a scroll of immolation for 63 gold pieces
 73984 | Slime:5  | Reached XP level 26. HP: 225/239 MP: 27/36
 74098 | Slime:4  | Gained mutation: You have a pair of small antennae on your head. [a shining eye]
 74168 | Slime:5  | Gained mutation: Scrolls take you a little longer to read. [a shining eye]
 74186 | Slime:5  | Lost mutation: You have a pair of small antennae on your head. [potion of mutation]
 74186 | Slime:5  | Lost mutation: Scrolls take you a little longer to read. [potion of mutation]
 74186 | Slime:5  | Gained mutation: Your body sometimes deteriorates upon taking damage. [potion of mutation]
 74186 | Slime:5  | Gained mutation: Your movements are slightly less encumbered by armour. (ER -2) [potion of mutation]
 74268 | Slime:5  | Reached skill level 1 in Stealth
 74428 | Slime:5  | Noticed the Royal Jelly
 74500 | Slime:5  | Killed the Royal Jelly
 74663 | Slime:5  | Got a slimy rune of Zot
 74706 | Slime:5  | Got a pitted wooden ring
 74707 | Slime:5  | Identified the ring of Irroceiv {-Tele +Fly rF- SInv Stlth+} (You found it on level 5 of the Pits of Slime)
 74732 | Slime:5  | Reached skill level 10 in Dodging
 74744 | Slime:5  | Identified Sif Muna's Catalogue of the Lucky Entourage
 74749 | Slime:5  | Identified the Incunabulum of Creation and Confrontation
 76127 | Zot:1    | Entered Level 1 of the Realm of Zot
 77030 | Depths:5 | Lost mutation: Your body sometimes deteriorates upon taking damage. [potion of mutation]
 77030 | Depths:5 | Gained mutation: You tend to lose your temper in combat. [potion of mutation]
 77030 | Depths:5 | Gained mutation: You are resistant to hostile enchantments. (MR+) [potion of mutation]
 78417 | Zot:2    | Upgraded the game from 0.22.0-25-g7663229 to 0.22.0-27-ga576289
 79336 | Zot:4    | Reached XP level 27. HP: 94/245 MP: 37/37
 80066 | Zot:4    | Reached skill level 15 in Armour
 80487 | Zot:5    | Entered Level 5 of the Realm of Zot
 81193 | Zot:5    | Noticed an ancient lich
 81199 | Zot:5    | Killed an ancient lich
 81230 | Zot:5    | Noticed an ancient lich
 81240 | Zot:5    | Killed an ancient lich
 81304 | Zot:5    | Noticed an orb of fire
 81311 | Zot:5    | Killed an orb of fire
 81377 | Zot:5    | Noticed an orb of fire
 81393 | Zot:5    | Killed an orb of fire
 81640 | Zot:5    | Noticed an ancient lich
 81651 | Zot:5    | Killed an ancient lich
 81983 | Zot:5    | Identified the +5 scale mail "Uskiluh" {Int+4} (You found it on level 5 of the Realm of Zot)
 82390 | Zot:5    | Noticed an ancient lich
 82403 | Zot:5    | Killed an ancient lich
 82721 | Zot:5    | Noticed an ancient lich
 82725 | Zot:5    | Killed an ancient lich
 82827 | Zot:5    | Got the Orb of Zot
 82942 | Zot:4    | Noticed a seraph
 83456 | D:5      | Noticed Saut the pandemonium lord
 83514 | D:1      | Noticed Natasha
 83515 | D:1      | Killed Natasha
 83558 | D:$      | Escaped with the Orb!

Skill      XL: |  1  2  3  4  5  6  7  8  9 10 11 12 13 14 15 16 17 18 19 20 21 22 23 24 25 26 27 |
---------------+----------------------------------------------------------------------------------+-----
Bows           | 6 7 8 10 12 14 16 18 19 20 22 23 24 26 27 | 27.0
Short Blades   | 1 2 |  2.9
Armour         | 1 2 3 4 5 6 7 8 9 10 11 14 17 | 17.7
Dodging        | 2 3 4 5 6 7 8 9 10 11 | 11.5
Fighting       | 3 4 5 7 8 9 11 12 13 14 15 16 17 18 20 22 23 25 27 | 27.0
Staves         | 1 3 4 5 6 7 8 9 10 | 10.4
Evocations     | 1 2 3 |  3.1
Invocations    | 3 5 7 9 10 11 13 15 16 17 18 19 20 21 | 21.0
Stealth        | 2 |  2.6

Action                   |  1- 3 |  4- 6 |  7- 9 | 10-12 | 13-15 | 16-18 | 19-21 | 22-24 | 25-27 || total
-------------------------+-------+-------+-------+-------+-------+-------+-------+-------+-------++-------
Melee: Short sword       |    97 |    75 |       |       |       |       |       |       |       ||   172
       Kick              |    15 |    21 |    57 |    54 |    56 |   113 |     3 |       |    16 ||   335
       Quarterstaff      |       |    48 |   200 |   186 |    29 |       |       |       |       ||   463
       Lajatang          |       |       |       |       |    73 |   201 |     9 |       |    31 ||   314
       Dagger            |       |       |       |       |       |     3 |       |       |       ||     3
       Longbow           |       |       |       |       |       |     1 |     2 |       |     2 ||     5
 Fire: Shortbow          |    19 |    81 |   143 |   201 |       |       |   161 |       |       ||   605
       Longbow           |       |       |       |   212 |   300 |  1479 |  1287 |  1482 |  1471 ||  6231
Invok: Recall Ancestor   |       |       |     4 |    15 |    15 |    24 |    13 |    11 |    23 ||   105
       Ancestor Life: He |       |       |       |     1 |       |       |       |       |       ||     1
       Idealise          |       |       |       |       |       |       |       |       |     1 ||     1
Evoke: Wand              |       |       |     4 |     3 |       |    10 |       |     7 |    18 ||    42
       Lamp of fire      |       |       |       |       |       |       |       |     1 |       ||     1
  Use: Scroll            |       |     8 |     7 |    27 |     7 |    10 |    11 |    14 |    14 ||    98
       Potion            |       |       |       |     3 |     3 |     5 |     5 |     3 |    21 ||    40
 Stab: Paralysed         |       |       |     2 |     3 |     7 |    13 |       |       |     3 ||    28
       Confused          |       |       |       |     2 |       |       |       |       |       ||     2
       Petrified         |       |       |       |       |     1 |       |       |       |       ||     1
       Distracted        |       |       |       |       |     4 |       |       |       |     1 ||     5
  Eat: Chunk             |       |     5 |    10 |    17 |     7 |    31 |    22 |    15 |    17 ||   124
       Ration            |       |       |       |       |     3 |     4 |     3 |     6 |     8 ||    24
Armor: Leather armour    |    30 |       |       |       |    34 |    28 |       |       |       ||    92
       Ring mail         |    38 |    65 |       |       |       |   151 |    52 |       |       ||   306
       Skin              |       |     6 |       |       |       |       |       |       |       ||     6
       Scale mail        |       |    29 |       |       |       |       |    99 |   197 |    74 ||   399
       Troll leather arm |       |       |    81 |    85 |    10 |       |       |       |       ||   176
       Swamp dragon scal |       |       |       |       |       |   138 |     3 |       |       ||   141
       Acid dragon scale |       |       |       |       |       |       |       |       |    34 ||    34
       Plate armour      |       |       |       |       |       |       |       |       |   239 ||   239
Dodge: Dodged            |    62 |    80 |   109 |   138 |    62 |   339 |   143 |   158 |   208 ||  1299
Block: Other             |       |       |       |       |       |       |    25 |    53 |    79 ||   157
       Reflection        |       |       |       |       |       |       |    11 |    11 |     7 ||    29
